Connexion

MINNESOTA Wild vs WINNIPEG Jets

Created - 29 janvier 2024 at 08:20

Goals
1 2 3 T
MINNESOTA Wild 2 0 2 4
WINNIPEG Jets 1 2 0 3
Shots
1 2 3 T
MINNESOTA Wild 6 4 12 22
WINNIPEG Jets 6 11 7 24

GoalsPenalties
1st period
1. MINNESOTA Wild , Jordan Eberle 33 (Kyle Connor 48, Nick Bjugstad 42) at 8:40
2. MINNESOTA Wild , Victor Hedman 12 (Frank Vatrano 37, Viktor Arvidsson 25) at 13:55 (PP)
3. WINNIPEG Jets , Noah Cates 16 (Colton White 17) at 14:59
Nikita Zadorov (WPG) for Holding (Minor) at 12:31
2nd period
4. WINNIPEG Jets , Dawson Mercer 20 (Andreas Athanasiou 31) at 1:15
5. WINNIPEG Jets , Dmitrij Jaskin 26 (Kevin Hayes 27, Nick Leddy 40) at 2:10
Brent Burns (MIN) for Tripping (Minor) at 2:39
Kevin Rooney (MIN) for Unsportsmanlike conduct (Minor) at 7:33
3rd period
6. MINNESOTA Wild , Kyle Connor 29 (Nick Bjugstad 43, Victor Mete 30) at 5:31
7. MINNESOTA Wild , Nick Bjugstad 25 (Ryan Murray 38) at 19:31
Colton White (WPG) for Slashing (Minor) at 7:19
Kevin Rooney (MIN) for Tripping (Minor) at 15:25
Goalie Stats
Igor Shesterkin (MIN), 21 saves from 24 shots - (0,875), W, 25-16-6, 60:00 minutes
Ukko-Pekka Luukkonen (WPG), 18 saves from 22 shots - (0,818), L, 24-17-3, 59:41 minutes
3 StarsOfficial
1 - Nick Bjugstad (MIN)
2 - Kyle Connor (MIN)
3 - Jordan Eberle (MIN)
Referees : Tim Peel and Wes McCauley
Linesman : Ryan Galloway and Mark Wheler
Game Note
No Game Note
Finance
Level 1 -- Attendance: 5315 (88,58%) -- Ticket Income $690,950
Level 2 -- Attendance: 5013 (90,41%) -- Ticket Income $421,092
Level 3 -- Attendance: 1447 (72,35%) -- Ticket Income $91,161
Level 4 -- Attendance: 2408 (60,20%) -- Ticket Income $113,176
Luxury Box -- Attendance: 901 (90,10%) -- Ticket Income $234,260
Game was played at the MTS center.
Total Attendance: 15084 (81,34%)
Total Ticket Income: $1,550,639
Other Income: $310,128
Total Income: $1,860,767



Team Name Goals Shots Shots Attemp Shots Blocked PIM HIT PP PK FO%
MINNESOTA Wild 4223796271 / 2 (50%)053%
WINNIPEG Jets 3246844230 / 3 (0%)148%

MINNESOTA Wild
Player Name POS G A P +/- PIM HIT SHT SB MP PP MP PP SHT PK MP PK SHT FO% FOT
Brent BurnsD0001250319:081:2002:1000% 0
Bryan LittleC/RW000-1001013:510:0003:270100% 7
Danton HeinenC/LW/RW000-2001016:301:1200:0000% 1
Frank VatranoC/LW/RW011-2023216:301:1200:00048% 21
Jordan EberleC/RW1013023021:172:1101:46056% 27
Jordan GreenwayLW/RW000-1040010:310:1500:2000% 0
Kevin RooneyC000043108:480:0000:44027% 11
Kyle ConnorLW1123002018:481:5600:0000% 0
Marko DanoC/LW/RW000000108:060:0000:0000% 0
Mike MathesonD000-3022122:542:0311:3900% 0
Nick BjugstadC/RW1233022020:071:5601:19050% 2
Ryan MurrayD0111021319:531:2003:0600% 0
Scott LaughtonC/LW000-1010014:570:1504:18050% 10
Ty SmithD0002011016:010:0000:0000% 0
Tyler ToffoliLW/RW000000108:060:0000:0000% 0
Victor HedmanD101-3021024:342:0312:5100% 0
Victor MeteD0112000017:290:0002:0800% 0
Viktor ArvidssonLW/RW011-2012016:301:1200:000100% 1
WINNIPEG Jets
Player Name POS G A P +/- PIM HIT SHT SB MP PP MP PP SHT PK MP PK SHT FO% FOT
Alexei ToropchenkoRW000-1003112:050:0000:0000% 2
Andreas AthanasiouC/LW/RW0111012016:222:2500:0000% 1
Anthony CirelliC000-1033012:050:0000:00067% 9
Colton WhiteD011-2200114:350:0000:0300% 0
Dawson MercerC1011013017:332:2501:11047% 19
Dmitrij JaskinLW/RW1010025023:393:3212:09020% 5
Eeli TolvanenLW/RW000-1010012:050:0000:00033% 3
Ethan BearD0001011025:033:4601:1300% 0
Evgeny SvechnikovRW000001009:052:2500:0000% 0
Jonas SiegenthalerD000-2031015:170:0000:4400% 0
Kevin HayesC/LW/RW0110012022:413:3211:110100% 1
Logan BrownC000003006:400:0000:00050% 8
Mattias JanmarkC/LW/RW000000006:560:0000:160100% 1
Nick LeddyD0111011125:183:4601:2800% 0
Nick PerbixD0001001120:242:1102:1000% 0
Nikita ZadorovD0001200019:212:1101:0800% 0
Noah CatesLW1011012013:570:0000:000100% 1
Sam BennettC/LW0000040023:293:3201:59047% 30



Play-by-Play

1st period


0:01 of 1st period - Sam Bennett wins face-off versus Jordan Eberle in neutral zone.
0:01 of 1st period - Sam Bennett is hit by Nick Bjugstad.
0:12 of 1st period - Icing by Jordan Eberle.
0:13 of 1st period - Dawson Mercer wins face-off versus Jordan Eberle in MINNESOTA Wild zone.
0:36 of 1st period - Nick Bjugstad is hit by Andreas Athanasiou and loses puck.
1:13 of 1st period - Nick Bjugstad is hit by Anthony Cirelli and loses puck.
1:35 of 1st period - Alexei Toropchenko is hit by Ryan Murray and loses puck.
1:43 of 1st period - Anthony Cirelli is hit by Brent Burns and loses puck.
2:42 of 1st period - Shot by Dmitrij Jaskin.
2:42 of 1st period - Shot Misses the Net.
2:54 of 1st period - Evgeny Svechnikov is hit by Jordan Greenway and loses puck.
3:09 of 1st period - Jordan Greenway is hit by Logan Brown and loses puck.
4:01 of 1st period - Shot by Dawson Mercer.
4:01 of 1st period - Shot Misses the Net.
4:03 of 1st period - Shot by Jonas Siegenthaler.
4:03 of 1st period - Stopped by Igor Shesterkin with a rebound.
4:05 of 1st period - Shot by Jonas Siegenthaler.
4:05 of 1st period - Shot Misses the Net.
4:07 of 1st period - Shot by Jonas Siegenthaler.
4:07 of 1st period - Shot Misses the Net.
4:32 of 1st period - Shot by Alexei Toropchenko.
4:32 of 1st period - Shot Misses the Net.
4:42 of 1st period - Shot by Alexei Toropchenko.
4:42 of 1st period - Shot Hit the Post.
4:44 of 1st period - Shot by Anthony Cirelli.
4:44 of 1st period - Stopped by Igor Shesterkin without a rebound.
4:45 of 1st period - Frank Vatrano wins face-off versus Sam Bennett in MINNESOTA Wild zone.
4:49 of 1st period - Off-side.
4:50 of 1st period - Sam Bennett wins face-off versus Frank Vatrano in neutral zone.
5:51 of 1st period - Shot by Dawson Mercer.
5:51 of 1st period - Stopped by Igor Shesterkin without a rebound.
5:52 of 1st period - Jordan Eberle wins face-off versus Logan Brown in MINNESOTA Wild zone.
7:03 of 1st period - Jordan Greenway is hit by Ethan Bear and loses puck.
7:06 of 1st period - Shot by Jordan Greenway.
7:06 of 1st period - Shot Misses the Net.
7:08 of 1st period - Shot by Mike Matheson.
7:08 of 1st period - Stopped by Ukko-Pekka Luukkonen without a rebound.
7:09 of 1st period - Kevin Rooney wins face-off versus Sam Bennett in WINNIPEG Jets zone.
7:34 of 1st period - Shot by Tyler Toffoli.
7:34 of 1st period - Stopped by Ukko-Pekka Luukkonen without a rebound.
7:35 of 1st period - Anthony Cirelli wins face-off versus Frank Vatrano in WINNIPEG Jets zone.
7:59 of 1st period - Shot by Alexei Toropchenko.
7:59 of 1st period - Stopped by Igor Shesterkin without a rebound.
8:00 of 1st period - Sam Bennett wins face-off versus Jordan Eberle in MINNESOTA Wild zone.
8:07 of 1st period - Shot by Kevin Hayes.
8:07 of 1st period - Shot Misses the Net.
8:40 of 1st period - Shot by Jordan Eberle.
8:40 of 1st period - Goal by Jordan Eberle - MINNESOTA Wild : 1 - WINNIPEG Jets : 0.
8:41 of 1st period - Scott Laughton wins face-off versus Dawson Mercer in neutral zone.
9:11 of 1st period - Shot by Scott Laughton.
9:11 of 1st period - Deflect By Jordan Greenway.
9:11 of 1st period - Shot Misses the Net.
9:24 of 1st period - Off-side.
9:25 of 1st period - Frank Vatrano wins face-off versus Sam Bennett in neutral zone.
9:39 of 1st period - Off-side.
9:40 of 1st period - Jordan Eberle wins face-off versus Alexei Toropchenko in neutral zone.
9:43 of 1st period - Colton White is hit by Nick Bjugstad.
10:12 of 1st period - Jordan Eberle is hit by Jonas Siegenthaler and loses puck.
10:46 of 1st period - Eeli Tolvanen is hit by Frank Vatrano and loses puck.
11:20 of 1st period - Danton Heinen is hit by Nick Leddy.
11:37 of 1st period - Shot by Dmitrij Jaskin.
11:37 of 1st period - Shot Misses the Net.
11:39 of 1st period - Shot by Dmitrij Jaskin.
11:39 of 1st period - Shot Misses the Net.
11:41 of 1st period - Shot by Dmitrij Jaskin.
11:41 of 1st period - Shot Misses the Net.
12:01 of 1st period - Shot by Kevin Hayes.
12:01 of 1st period - Shot Misses the Net.
12:19 of 1st period - Noah Cates is hit by Jordan Greenway and loses puck.
12:31 of 1st period - Minor Penalty to Nikita Zadorov for Holding.
12:32 of 1st period - Jordan Eberle wins face-off versus Dmitrij Jaskin in WINNIPEG Jets zone.
13:24 of 1st period - Icing by Viktor Arvidsson.
13:25 of 1st period - Frank Vatrano wins face-off versus Sam Bennett in MINNESOTA Wild zone.
13:25 of 1st period - Frank Vatrano is hit by Sam Bennett.
13:32 of 1st period - Viktor Arvidsson is hit by Jonas Siegenthaler and loses puck.
13:55 of 1st period - Shot by Victor Hedman.
13:55 of 1st period - Goal by Victor Hedman - MINNESOTA Wild : 2 - WINNIPEG Jets : 0.
13:56 of 1st period - Scott Laughton wins face-off versus Dawson Mercer in neutral zone.
14:13 of 1st period - Shot by Andreas Athanasiou.
14:13 of 1st period - Stopped by Igor Shesterkin without a rebound.
14:14 of 1st period - Jordan Eberle wins face-off versus Logan Brown in MINNESOTA Wild zone.
14:14 of 1st period - Jordan Eberle is hit by Logan Brown.
14:31 of 1st period - Shot by Jordan Eberle.
14:31 of 1st period - Shot Misses the Net.
14:33 of 1st period - Shot by Jordan Eberle.
14:33 of 1st period - Stopped by Ukko-Pekka Luukkonen without a rebound.
14:34 of 1st period - Frank Vatrano wins face-off versus Dawson Mercer in WINNIPEG Jets zone.
14:59 of 1st period - Shot by Noah Cates.
14:59 of 1st period - Goal by Noah Cates - MINNESOTA Wild : 2 - WINNIPEG Jets : 1.
15:00 of 1st period - Dmitrij Jaskin wins face-off versus Jordan Eberle in neutral zone.
15:23 of 1st period - Brent Burns is hit by Sam Bennett and loses puck.
15:28 of 1st period - Shot by Kevin Hayes.
15:28 of 1st period - Shot Misses the Net.
15:30 of 1st period - Shot by Nikita Zadorov.
15:30 of 1st period - Shot Blocked by Ryan Murray.
15:33 of 1st period - Kevin Hayes is hit by Brent Burns and loses puck.
17:29 of 1st period - Icing by Colton White.
17:30 of 1st period - Anthony Cirelli wins face-off versus Kevin Rooney in WINNIPEG Jets zone.
18:20 of 1st period - Kevin Hayes is hit by Kevin Rooney and loses puck.
18:41 of 1st period - Shot by Kevin Hayes.
18:41 of 1st period - Shot Misses the Net.
19:08 of 1st period - Shot by Nick Bjugstad.
19:08 of 1st period - Shot Misses the Net.
19:10 of 1st period - Shot by Kyle Connor.
19:10 of 1st period - Shot Misses the Net.
19:21 of 1st period - Icing by Ethan Bear.
19:22 of 1st period - Logan Brown wins face-off versus Frank Vatrano in WINNIPEG Jets zone.
19:22 of 1st period - Logan Brown is hit by Frank Vatrano.
19:27 of 1st period - Icing by Ethan Bear.
19:28 of 1st period - Scott Laughton wins face-off versus Logan Brown in WINNIPEG Jets zone.
19:38 of 1st period - Icing by Evgeny Svechnikov.
19:39 of 1st period - Frank Vatrano wins face-off versus Logan Brown in WINNIPEG Jets zone.
19:52 of 1st period - Shot by Viktor Arvidsson.
19:52 of 1st period - Stopped by Ukko-Pekka Luukkonen without a rebound.
19:53 of 1st period - Sam Bennett wins face-off versus Jordan Eberle in WINNIPEG Jets zone.
Goals for this period are 2 for MINNESOTA Wild vs 1 for WINNIPEG Jets.
Shots for this period are 6 for MINNESOTA Wild vs 6 for WINNIPEG Jets.

2nd period


0:01 of 2nd period - Jordan Eberle wins face-off versus Sam Bennett in neutral zone.
0:08 of 2nd period - Shot by Jordan Eberle.
0:08 of 2nd period - Stopped by Ukko-Pekka Luukkonen without a rebound.
0:09 of 2nd period - Sam Bennett wins face-off versus Scott Laughton in WINNIPEG Jets zone.
0:34 of 2nd period - Shot by Ethan Bear.
0:34 of 2nd period - Stopped by Igor Shesterkin with a rebound.
0:36 of 2nd period - Shot by Nick Leddy.
0:36 of 2nd period - Shot Blocked by Mike Matheson.
0:38 of 2nd period - Shot by Ethan Bear.
0:38 of 2nd period - Shot Misses the Net.
0:57 of 2nd period - Icing by Mike Matheson.
0:58 of 2nd period - Dawson Mercer wins face-off versus Scott Laughton in MINNESOTA Wild zone.
1:15 of 2nd period - Shot by Dawson Mercer.
1:15 of 2nd period - Goal by Dawson Mercer - MINNESOTA Wild : 2 - WINNIPEG Jets : 2.
1:16 of 2nd period - Eeli Tolvanen wins face-off versus Jordan Eberle in neutral zone.
1:36 of 2nd period - Icing by Ty Smith.
1:37 of 2nd period - Jordan Eberle wins face-off versus Andreas Athanasiou in MINNESOTA Wild zone.
1:37 of 2nd period - Victor Mete is hit by Noah Cates.
1:38 of 2nd period - Icing by Victor Mete.
1:39 of 2nd period - Kevin Hayes wins face-off versus Jordan Eberle in MINNESOTA Wild zone.
1:46 of 2nd period - Shot by Kevin Hayes.
1:46 of 2nd period - Stopped by Igor Shesterkin without a rebound.
1:47 of 2nd period - Sam Bennett wins face-off versus Frank Vatrano in MINNESOTA Wild zone.
1:48 of 2nd period - Shot by Dmitrij Jaskin.
1:48 of 2nd period - Stopped by Igor Shesterkin without a rebound.
1:49 of 2nd period - Sam Bennett wins face-off versus Frank Vatrano in MINNESOTA Wild zone.
2:10 of 2nd period - Shot by Kevin Hayes.
2:10 of 2nd period - Deflect By Dmitrij Jaskin.
2:10 of 2nd period - Goal by Dmitrij Jaskin - MINNESOTA Wild : 2 - WINNIPEG Jets : 3.
2:11 of 2nd period - Jordan Eberle wins face-off versus Dawson Mercer in neutral zone.
2:39 of 2nd period - Minor Penalty to Brent Burns for Tripping.
2:40 of 2nd period - Bryan Little wins face-off versus Sam Bennett in MINNESOTA Wild zone.
3:05 of 2nd period - Dmitrij Jaskin is hit by Victor Hedman and loses puck.
4:00 of 2nd period - Shot by Nick Perbix.
4:00 of 2nd period - Shot Misses the Net.
5:03 of 2nd period - Shot by Anthony Cirelli.
5:03 of 2nd period - Shot Misses the Net.
5:05 of 2nd period - Shot by Eeli Tolvanen.
5:05 of 2nd period - Shot Misses the Net.
5:07 of 2nd period - Shot by Anthony Cirelli.
5:07 of 2nd period - Deflect By Alexei Toropchenko.
5:07 of 2nd period - Stopped by Igor Shesterkin without a rebound.
5:08 of 2nd period - Jordan Eberle wins face-off versus Sam Bennett in MINNESOTA Wild zone.
5:08 of 2nd period - Jordan Eberle is hit by Sam Bennett.
5:11 of 2nd period - Nick Bjugstad is hit by Dmitrij Jaskin and loses puck.
5:22 of 2nd period - Victor Mete is hit by Dmitrij Jaskin and loses puck.
5:34 of 2nd period - Shot by Kevin Hayes.
5:34 of 2nd period - Shot Misses the Net.
5:54 of 2nd period - Shot by Eeli Tolvanen.
5:54 of 2nd period - Shot Misses the Net.
5:56 of 2nd period - Shot by Jonas Siegenthaler.
5:56 of 2nd period - Shot Misses the Net.
5:58 of 2nd period - Shot by Jonas Siegenthaler.
5:58 of 2nd period - Shot Misses the Net.
7:32 of 2nd period - Off-side.
7:33 of 2nd period - Sam Bennett wins face-off versus Kevin Rooney in neutral zone.
7:33 of 2nd period - Minor Penalty to Kevin Rooney for Unsportsmanlike conduct.
7:34 of 2nd period - Bryan Little wins face-off versus Sam Bennett in MINNESOTA Wild zone.
7:54 of 2nd period - Shot by Ethan Bear.
7:54 of 2nd period - Shot Misses the Net.
8:05 of 2nd period - Off-side.
8:06 of 2nd period - Bryan Little wins face-off versus Dawson Mercer in neutral zone.
8:54 of 2nd period - Shot by Nick Leddy.
8:54 of 2nd period - Shot Misses the Net.
8:56 of 2nd period - Shot by Ethan Bear.
8:56 of 2nd period - Deflect By Sam Bennett.
8:56 of 2nd period - Shot Misses the Net.
8:58 of 2nd period - Shot by Dmitrij Jaskin.
8:58 of 2nd period - Shot Misses the Net.
9:00 of 2nd period - Shot by Dmitrij Jaskin.
9:00 of 2nd period - Stopped by Igor Shesterkin with a rebound.
9:16 of 2nd period - Shot by Dmitrij Jaskin.
9:16 of 2nd period - Shot Blocked by Brent Burns.
9:18 of 2nd period - Shot by Kevin Hayes.
9:18 of 2nd period - Stopped by Igor Shesterkin without a rebound.
9:19 of 2nd period - Bryan Little wins face-off versus Dawson Mercer in MINNESOTA Wild zone.
9:32 of 2nd period - Shot by Nick Leddy.
9:32 of 2nd period - Shot Misses the Net.
9:34 of 2nd period - Shot by Eeli Tolvanen.
9:34 of 2nd period - Deflect By Alexei Toropchenko.
9:34 of 2nd period - Stopped by Igor Shesterkin without a rebound.
9:35 of 2nd period - Viktor Arvidsson wins face-off versus Eeli Tolvanen in MINNESOTA Wild zone.
9:35 of 2nd period - Viktor Arvidsson is hit by Eeli Tolvanen.
9:45 of 2nd period - Shot by Frank Vatrano.
9:45 of 2nd period - Stopped by Ukko-Pekka Luukkonen without a rebound.
9:46 of 2nd period - Sam Bennett wins face-off versus Kevin Rooney in WINNIPEG Jets zone.
9:46 of 2nd period - Sam Bennett is hit by Kevin Rooney.
10:05 of 2nd period - Shot by Kevin Hayes.
10:05 of 2nd period - Shot Misses the Net.
10:16 of 2nd period - Icing by Victor Mete.
10:17 of 2nd period - Dawson Mercer wins face-off versus Kevin Rooney in MINNESOTA Wild zone.
10:26 of 2nd period - Shot by Andreas Athanasiou.
10:26 of 2nd period - Shot Misses the Net.
10:28 of 2nd period - Shot by Nick Leddy.
10:28 of 2nd period - Stopped by Igor Shesterkin with a rebound.
10:33 of 2nd period - Icing by Victor Mete.
10:34 of 2nd period - Logan Brown wins face-off versus Kevin Rooney in MINNESOTA Wild zone.
10:44 of 2nd period - Evgeny Svechnikov is hit by Ty Smith and loses puck.
10:59 of 2nd period - Evgeny Svechnikov is hit by Kevin Rooney and loses puck.
12:00 of 2nd period - Shot by Kevin Hayes.
12:00 of 2nd period - Shot Blocked by Frank Vatrano.
12:02 of 2nd period - Shot by Kevin Hayes.
12:02 of 2nd period - Shot Misses the Net.
12:10 of 2nd period - Sam Bennett is hit by Viktor Arvidsson.
12:24 of 2nd period - Icing by Victor Hedman.
12:25 of 2nd period - Frank Vatrano wins face-off versus Dawson Mercer in MINNESOTA Wild zone.
13:36 of 2nd period - Shot by Bryan Little.
13:36 of 2nd period - Stopped by Ukko-Pekka Luukkonen without a rebound.
13:37 of 2nd period - Sam Bennett wins face-off versus Kevin Rooney in WINNIPEG Jets zone.
14:48 of 2nd period - Shot by Alexei Toropchenko.
14:48 of 2nd period - Shot Blocked by Ryan Murray.
15:16 of 2nd period - Shot by Jordan Greenway.
15:16 of 2nd period - Shot Misses the Net.
15:18 of 2nd period - Shot by Bryan Little.
15:18 of 2nd period - Shot Blocked by Nick Perbix.
15:25 of 2nd period - Icing by Nick Perbix.
15:26 of 2nd period - Nick Bjugstad wins face-off versus Alexei Toropchenko in WINNIPEG Jets zone.
15:41 of 2nd period - Shot by Kyle Connor.
15:41 of 2nd period - Stopped by Ukko-Pekka Luukkonen without a rebound.
15:42 of 2nd period - Sam Bennett wins face-off versus Frank Vatrano in WINNIPEG Jets zone.
15:48 of 2nd period - Off-side.
15:49 of 2nd period - Jordan Eberle wins face-off versus Dmitrij Jaskin in neutral zone.
15:52 of 2nd period - Sam Bennett is hit by Jordan Eberle and loses puck.
16:07 of 2nd period - Shot by Nick Bjugstad.
16:07 of 2nd period - Shot Blocked by Nick Leddy.
16:09 of 2nd period - Shot by Victor Mete.
16:09 of 2nd period - Shot Misses the Net.
17:22 of 2nd period - Shot by Noah Cates.
17:22 of 2nd period - Shot Misses the Net.
17:24 of 2nd period - Shot by Dawson Mercer.
17:24 of 2nd period - Deflect By Noah Cates.
17:24 of 2nd period - Stopped by Igor Shesterkin without a rebound.
17:25 of 2nd period - Logan Brown wins face-off versus Scott Laughton in MINNESOTA Wild zone.
18:41 of 2nd period - Ty Smith is hit by Evgeny Svechnikov and loses puck.
18:56 of 2nd period - Jordan Eberle is hit by Logan Brown and loses puck.
19:19 of 2nd period - Icing by Nick Bjugstad.
19:20 of 2nd period - Sam Bennett wins face-off versus Jordan Eberle in MINNESOTA Wild zone.
Goals for this period are 0 for MINNESOTA Wild vs 2 for WINNIPEG Jets.
Shots for this period are 4 for MINNESOTA Wild vs 11 for WINNIPEG Jets.

3rd period


0:01 of 3rd period - Frank Vatrano wins face-off versus Sam Bennett in neutral zone.
0:13 of 3rd period - Kevin Hayes is hit by Mike Matheson and loses puck.
0:19 of 3rd period - Dmitrij Jaskin is hit by Victor Hedman and loses puck.
0:34 of 3rd period - Shot by Dmitrij Jaskin.
0:34 of 3rd period - Stopped by Igor Shesterkin without a rebound.
0:35 of 3rd period - Dawson Mercer wins face-off versus Nick Bjugstad in MINNESOTA Wild zone.
0:35 of 3rd period - Dawson Mercer is hit by Ryan Murray.
0:41 of 3rd period - Shot by Andreas Athanasiou.
0:41 of 3rd period - Stopped by Igor Shesterkin without a rebound.
0:42 of 3rd period - Dawson Mercer wins face-off versus Jordan Eberle in MINNESOTA Wild zone.
0:47 of 3rd period - Shot by Andreas Athanasiou.
0:47 of 3rd period - Deflect By Dawson Mercer.
0:47 of 3rd period - Stopped by Igor Shesterkin without a rebound.
0:48 of 3rd period - Jordan Eberle wins face-off versus Dawson Mercer in MINNESOTA Wild zone.
1:11 of 3rd period - Shot by Noah Cates.
1:11 of 3rd period - Shot Misses the Net.
1:13 of 3rd period - Shot by Dawson Mercer.
1:13 of 3rd period - Shot Misses the Net.
1:53 of 3rd period - Shot by Kevin Hayes.
1:53 of 3rd period - Shot Misses the Net.
1:59 of 3rd period - Shot by Kevin Hayes.
1:59 of 3rd period - Deflect By Dmitrij Jaskin.
1:59 of 3rd period - Stopped by Igor Shesterkin without a rebound.
2:00 of 3rd period - Scott Laughton wins face-off versus Anthony Cirelli in MINNESOTA Wild zone.
2:06 of 3rd period - Off-side.
2:07 of 3rd period - Anthony Cirelli wins face-off versus Frank Vatrano in neutral zone.
2:14 of 3rd period - Shot by Anthony Cirelli.
2:14 of 3rd period - Stopped by Igor Shesterkin without a rebound.
2:15 of 3rd period - Frank Vatrano wins face-off versus Sam Bennett in MINNESOTA Wild zone.
2:30 of 3rd period - Shot by Viktor Arvidsson.
2:30 of 3rd period - Stopped by Ukko-Pekka Luukkonen without a rebound.
2:31 of 3rd period - Dawson Mercer wins face-off versus Scott Laughton in WINNIPEG Jets zone.
4:03 of 3rd period - Bryan Little is hit by Sam Bennett and loses puck.
4:20 of 3rd period - Colton White is hit by Jordan Greenway and loses puck.
4:39 of 3rd period - Scott Laughton is hit by Anthony Cirelli.
4:42 of 3rd period - Off-side.
4:43 of 3rd period - Logan Brown wins face-off versus Frank Vatrano in neutral zone.
5:05 of 3rd period - Shot by Frank Vatrano.
5:05 of 3rd period - Stopped by Ukko-Pekka Luukkonen without a rebound.
5:06 of 3rd period - Noah Cates wins face-off versus Jordan Eberle in WINNIPEG Jets zone.
5:31 of 3rd period - Shot by Kyle Connor.
5:31 of 3rd period - Goal by Kyle Connor - MINNESOTA Wild : 3 - WINNIPEG Jets : 3.
5:32 of 3rd period - Sam Bennett wins face-off versus Frank Vatrano in neutral zone.
5:56 of 3rd period - Dmitrij Jaskin is hit by Brent Burns and loses puck.
6:08 of 3rd period - Dmitrij Jaskin is hit by Brent Burns and loses puck.
6:13 of 3rd period - Shot by Kevin Hayes.
6:13 of 3rd period - Shot Blocked by Brent Burns.
6:15 of 3rd period - Shot by Kevin Hayes.
6:15 of 3rd period - Shot Blocked by Frank Vatrano.
6:34 of 3rd period - Dawson Mercer is hit by Brent Burns and loses puck.
6:42 of 3rd period - Icing by Frank Vatrano.
6:43 of 3rd period - Anthony Cirelli wins face-off versus Danton Heinen in MINNESOTA Wild zone.
7:09 of 3rd period - Icing by Alexei Toropchenko.
7:10 of 3rd period - Anthony Cirelli wins face-off versus Jordan Eberle in WINNIPEG Jets zone.
7:10 of 3rd period - Anthony Cirelli is hit by Jordan Eberle.
7:19 of 3rd period - Minor Penalty to Colton White for Slashing.
7:20 of 3rd period - Jordan Eberle wins face-off versus Dmitrij Jaskin in WINNIPEG Jets zone.
9:03 of 3rd period - Shot by Mike Matheson.
9:03 of 3rd period - Stopped by Ukko-Pekka Luukkonen without a rebound.
9:04 of 3rd period - Jordan Eberle wins face-off versus Dmitrij Jaskin in WINNIPEG Jets zone.
9:05 of 3rd period - Shot by Victor Hedman.
9:05 of 3rd period - Shot Misses the Net.
9:17 of 3rd period - Sam Bennett is hit by Jordan Greenway and loses puck.
9:36 of 3rd period - Tyler Toffoli is hit by Jonas Siegenthaler and loses puck.
9:39 of 3rd period - Shot by Kevin Rooney.
9:39 of 3rd period - Stopped by Ukko-Pekka Luukkonen without a rebound.
9:40 of 3rd period - Mattias Janmark wins face-off versus Scott Laughton in WINNIPEG Jets zone.
9:40 of 3rd period - Mattias Janmark is hit by Scott Laughton.
10:13 of 3rd period - Icing by Ty Smith.
10:14 of 3rd period - Scott Laughton wins face-off versus Sam Bennett in MINNESOTA Wild zone.
10:29 of 3rd period - Off-side.
10:30 of 3rd period - Dawson Mercer wins face-off versus Jordan Eberle in neutral zone.
10:39 of 3rd period - Shot by Nick Perbix.
10:39 of 3rd period - Stopped by Igor Shesterkin with a rebound.
11:06 of 3rd period - Icing by Nikita Zadorov.
11:07 of 3rd period - Dawson Mercer wins face-off versus Kevin Rooney in WINNIPEG Jets zone.
11:19 of 3rd period - Icing by Brent Burns.
11:20 of 3rd period - Kevin Rooney wins face-off versus Sam Bennett in MINNESOTA Wild zone.
11:20 of 3rd period - Kevin Rooney is hit by Kevin Hayes.
11:32 of 3rd period - Shot by Marko Dano.
11:32 of 3rd period - Stopped by Ukko-Pekka Luukkonen with a rebound.
11:34 of 3rd period - Shot by Ryan Murray.
11:34 of 3rd period - Stopped by Ukko-Pekka Luukkonen without a rebound.
11:35 of 3rd period - Jordan Eberle wins face-off versus Eeli Tolvanen in WINNIPEG Jets zone.
11:56 of 3rd period - Shot by Anthony Cirelli.
11:56 of 3rd period - Stopped by Igor Shesterkin without a rebound.
11:57 of 3rd period - Sam Bennett wins face-off versus Frank Vatrano in MINNESOTA Wild zone.
13:08 of 3rd period - Danton Heinen is hit by Dawson Mercer and loses puck.
13:16 of 3rd period - Icing by Brent Burns.
13:17 of 3rd period - Frank Vatrano wins face-off versus Anthony Cirelli in MINNESOTA Wild zone.
13:23 of 3rd period - Icing by Danton Heinen.
13:24 of 3rd period - Frank Vatrano wins face-off versus Anthony Cirelli in MINNESOTA Wild zone.
13:47 of 3rd period - Off-side.
13:48 of 3rd period - Kevin Rooney wins face-off versus Sam Bennett in neutral zone.
14:08 of 3rd period - Icing by Nick Leddy.
14:09 of 3rd period - Jordan Eberle wins face-off versus Sam Bennett in WINNIPEG Jets zone.
14:10 of 3rd period - Shot by Nick Bjugstad.
14:10 of 3rd period - Stopped by Ukko-Pekka Luukkonen with a rebound.
14:19 of 3rd period - Sam Bennett is hit by Mike Matheson and loses puck.
14:50 of 3rd period - Icing by Mike Matheson.
14:51 of 3rd period - Jordan Eberle wins face-off versus Dawson Mercer in MINNESOTA Wild zone.
15:25 of 3rd period - Minor Penalty to Kevin Rooney for Tripping.
15:26 of 3rd period - Bryan Little wins face-off versus Sam Bennett in MINNESOTA Wild zone.
15:39 of 3rd period - Shot by Ethan Bear.
15:39 of 3rd period - Shot Misses the Net.
15:57 of 3rd period - Shot by Dmitrij Jaskin.
15:57 of 3rd period - Shot Misses the Net.
17:08 of 3rd period - Shot by Dawson Mercer.
17:08 of 3rd period - Shot Blocked by Ryan Murray.
17:17 of 3rd period - Icing by Andreas Athanasiou.
17:18 of 3rd period - Bryan Little wins face-off versus Dawson Mercer in WINNIPEG Jets zone.
17:25 of 3rd period - Shot by Bryan Little.
17:25 of 3rd period - Shot Misses the Net.
17:27 of 3rd period - Shot by Ty Smith.
17:27 of 3rd period - Stopped by Ukko-Pekka Luukkonen with a rebound.
17:29 of 3rd period - Shot by Frank Vatrano.
17:29 of 3rd period - Shot Blocked by Colton White.
17:31 of 3rd period - Shot by Danton Heinen.
17:31 of 3rd period - Stopped by Ukko-Pekka Luukkonen without a rebound.
17:32 of 3rd period - Anthony Cirelli wins face-off versus Frank Vatrano in WINNIPEG Jets zone.
17:45 of 3rd period - Shot by Ty Smith.
17:45 of 3rd period - Deflect By Danton Heinen.
17:45 of 3rd period - Shot Misses the Net.
17:47 of 3rd period - Shot by Frank Vatrano.
17:47 of 3rd period - Stopped by Ukko-Pekka Luukkonen without a rebound.
17:48 of 3rd period - Dawson Mercer wins face-off versus Kevin Rooney in WINNIPEG Jets zone.
18:52 of 3rd period - Nick Bjugstad is hit by Anthony Cirelli and loses puck.
19:07 of 3rd period - Shot by Anthony Cirelli.
19:07 of 3rd period - Deflect By Eeli Tolvanen.
19:07 of 3rd period - Shot Blocked by Brent Burns.
19:21 of 3rd period - Shot by Kyle Connor.
19:21 of 3rd period - Shot Blocked by Alexei Toropchenko.
19:23 of 3rd period - Shot by Ryan Murray.
19:23 of 3rd period - Shot Misses the Net.
19:31 of 3rd period - Shot by Nick Bjugstad.
19:31 of 3rd period - Goal by Nick Bjugstad - MINNESOTA Wild : 4 - WINNIPEG Jets : 3.
19:32 of 3rd period - Bryan Little wins face-off versus Sam Bennett in neutral zone.
19:41 of 3rd period - WINNIPEG Jets, Ukko-Pekka Luukkonen is pulled from the net.
Goals for this period are 2 for MINNESOTA Wild vs 0 for WINNIPEG Jets.
Shots for this period are 12 for MINNESOTA Wild vs 7 for WINNIPEG Jets.